 Dungeon Crawl Stone Soup version 0.18.1-8-gdd0e5ea (webtiles) character file.

27210 nikopol the Spear-Bearer (level 13, -8/177 HPs)
             Began as a Minotaur Berserker on June 11, 2016.
             Was the Champion of Trog.
             Mangled by a five-headed hydra (10 damage)
             ... on level 5 of the Lair of Beasts.
             The game lasted 00:49:12 (12700 turns).

nikopol the Spear-Bearer (Minotaur Berserker)      Turns: 12700, Time: 00:49:13

Health: -8/177     AC: 11    Str: 34    XL:     13   Next: 3%
Magic:  12/12      EV: 21    Int:  4    God:    Trog [******]
Gold:   1564       SH:  3    Dex: 15    Spells: 0 memorised, 12 levels left

rFire  + . .     SeeInvis .     x - +3 trident
rCold  . . .     Gourm    .     R - +1 ring mail "Kushode" {rCorr Str+7 Stlth-}
rNeg   . . .     Faith    .     (no shield)
rPois  .         Spirit   .     (helmet restricted)
rElec  .         Dismiss  .     M - +0 cloak
rCorr  +         Reflect  +     (no gloves)
SustAt .         Harm     .     L - +0 pair of boots
MR     .....                    y - +3 amulet of reflection
Stlth  ..........               K - ring of protection from fire
                                u - +3 ring of evasion

@: berserking, vulnerable, very quick, not resistant to hostile enchantments,
extremely unstealthy
A: retaliatory headbutt, horns 2
a: Berserk, Trog's Hand, Brothers in Arms, Burn Spellbooks, Renounce Religion


You were on level 5 of the Lair of Beasts.
You worshipped Trog.
Trog was exalted by your worship.
You were not hungry.

You visited 2 branches of the dungeon, and saw 15 of its levels.
You also visited: Sewer.

You collected 1564 gold pieces.

Inventory:

Hand Weapons
 a - a +0 shortbow
 c - a +1 longbow of velocity
 x - a +3 trident (weapon)
Missiles
 j - 178 arrows
Armour
 l - a +2 scale mail of positive energy
 L - a +0 pair of boots (worn)
 M - a +0 cloak (worn)
 R - the +1 ring mail "Kushode" (worn) {rCorr Str+7 Stlth-}
   (You found it on level 9 of the Dungeon)

   It affects your strength (+7).
   It protects you from acid and corrosion.
   It makes you less stealthy.
Jewellery
 n - an uncursed ring of stealth {unknown}
 u - a +3 ring of evasion (left hand)
 y - a +3 amulet of reflection (around neck)
 K - a ring of protection from fire (right hand)
 S - an uncursed amulet of rage {unknown}
Wands
 d - a wand of digging (12/24)
 i - a wand of heal wounds (2/9)
Scrolls
 b - a scroll of noise
 g - 3 scrolls of recharging
 m - a scroll of blinking
 t - a scroll of enchant weapon
 D - a scroll of identify
 E - 6 scrolls of remove curse
 T - a scroll of fear
 Y - 2 scrolls of teleportation
Potions
 e - a potion of berserk rage
 h - a potion of cure mutation {unknown}
 o - a potion of experience
 p - 2 potions of lignification
 q - 10 potions of curing
 s - 2 potions of might
 v - 2 potions of flight
 w - 3 potions of heal wounds {unknown}
 A - 2 potions of haste {unknown}
 C - 4 potions of resistance
 F - 2 potions of ambrosia
 J - a potion of mutation {unknown}
 O - a potion of degeneration {unknown}
 Q - 4 potions of agility
 Z - a potion of magic {unknown}
Comestibles
 r - 12 meat rations
 z - 3 royal jellies
 H - 7 bread rations
 I - 4 chunks of flesh
 P - 4 beef jerkies
 V - 27 fruits
 W - 7 slices of pizza


   Skills:
 + Level 12.0 Fighting
 * Level 14.0 Polearms
 * Level 9.3 Bows
 + Level 11.9 Armour
 + Level 10.8 Dodging


You had 12 spell levels left.
You didn't know any spells.

Dungeon Overview and Level Annotations

Branches:
Dungeon (10/15)            Temple (0/1) D:7            Lair (5/8) D:9
  Swamp (0/4) Lair:4          Orc (0/2) D:10
  Snake: Lair:3-6    Spider: Lair:3-6

Altars:
Ashenzari
Dithmenos
Elyvilon
Fedhas
Gozag
Makhleb
Pakellas
Sif Muna
Vehumet
Xom
Yredelemnul
Zin

Shops:
D:5 (   D:7 *!   D:8 :=

Portals:
Labyrinth: Lair:5


Innate Abilities, Weirdness & Mutations

You reflexively headbutt those who attack you in melee.
You have a pair of horns on your head.


Message History

A red film seems to cover your vision as you go berserk!
You feel yourself moving faster!
You feel mighty!
You feel somewhat more hungry. The blink frog hits you!
* * * LOW HITPOINT WARNING * * *
The blink frog blinks!
The five-headed hydra bites you!
* * * LOW HITPOINT WARNING * * *
The five-headed hydra bites you.
* * * LOW HITPOINT WARNING * * *
The five-headed hydra bites you!
* * * LOW HITPOINT WARNING * * *
The five-headed hydra barely misses you.
The five-headed hydra closely misses you.
The blink frog blinks!
You puncture the five-headed hydra! You headbutt the five-headed hydra.
The five-headed hydra is heavily wounded.
You puncture the blink frog!
You kill the blink frog!
Trog accepts your kill. The five-headed hydra bites you!
You die...

#............
............
...........##
...∩......#
........# #.....#
#...## #####D§P.#
####.....@..#
#........†#§# .##
.##....#....#.....
........§..F.#F..
#...P..<....##....
.#.>.>............
#...........#...#
##........P## ..#
##..#.P.### .#


You could see a five-headed hydra and 2 blink frogs.

Vanquished Creatures
  5 hydras
  Erica (D:8)
  Urug (Lair:1)
  The ghost of junkhipster the Cleaver, a novice DDFi of Makhleb (D:9)
  The ghost of Malvoorn the Carver, a novice DsAK of Lugonu (D:8)
  2 hill giants
  Pikel (D:7)
  2 oklob plants
  A manticore (D:6)
  A black mamba (Lair:3)
  Joseph (D:7)
  8 spiny frogs
  A centaur skeleton (D:9)
  3 komodo dragons
  4 polar bears (Lair:2)
  A troll (D:6)
  Prince Ribbit (D:5)
  Grinder (D:3)
  7 blink frogs
  Sigmund (D:3)
  A vampire (D:9)
  15 yaks
  3 basilisks
  10 hippogriffs
  Menkaure (D:5)
  A hungry ghost (D:7)
  A mottled dragon (D:6)
  5 water moccasins
  A sky beast (D:8)
  9 porcupines
  An ice beast (D:5)
  An orc warrior (D:8)
  A necrophage (D:6)
  2 phantoms (D:7)
  7 black bears
  11 wolves
  2 ogres
  An eye of draining (D:6)
  4 centaurs
  5 big kobolds
  5 crocodiles
  14 giant frogs
  A water moccasin zombie (D:7)
  5 scorpions
  A killer bee (Lair:5)
  3 wights (D:6)
  A centaur zombie (D:6)
  4 crimson imps
  A giant frog zombie (D:5)
  2 orc priests
  5 hounds
  A jelly (D:8)
  8 orc wizards
  Crazy Yiuf (D:7)
  A giant frog skeleton (D:8)
  5 iguanas
  2 hell rats (Lair:3)
  6 worker ants
  7 sheep
  A hound skeleton (D:9)
  A howler monkey zombie (D:7)
  A worker ant zombie (D:6)
  2 howler monkey skeletons
  15 adders
  34 river rats
  3 shadow imps
  2 adder skeletons
  2 worms
  2 dart slugs
  9 giant geckos
  21 orcs
  7 giant cockroaches
  5 goblins
  6 hobgoblins
  8 jackals
  3 quokkas
  2 ball pythons
  6 bats
  10 giant newts
  13 kobolds
  9 rats
  A bush (Lair:3)
  3 fungi (D:9)
  4 plants
369 creatures vanquished.

Vanquished Creatures (others)
  A slave (D:8)
  An iguana (D:2)
  An orc wizard (D:10)
  A hound zombie (D:8)
  A fungus (Lair:3)
5 creatures vanquished.

Grand Total: 374 creatures vanquished

Notes
Turn   | Place    | Note
--------------------------------------------------------------
     0 | D:1      | nikopol the Minotaur Berserker began the quest for the Orb.
     0 | D:1      | Reached XP level 1. HP: 19/19 MP: 0/0
   274 | D:1      | Reached XP level 2. HP: 24/27 MP: 1/1
   812 | D:2      | Found an oddly glowing altar of Pakellas.
   812 | D:2      | Noticed an orange crystal statue
   854 | D:2      | Reached skill level 4 in Polearms
   939 | D:2      | Reached XP level 3. HP: 27/33 MP: 2/2
  1139 | D:2      | Reached ** piety under Trog
  1478 | D:2      | Reached XP level 4. HP: 40/40 MP: 3/3
  1698 | D:3      | Noticed Sigmund
  1704 | D:3      | Killed Sigmund
  1704 | D:3      | Reached skill level 5 in Fighting
  1704 | D:3      | Reached skill level 5 in Polearms
  1704 | D:3      | Reached XP level 5. HP: 48/48 MP: 4/4
  1751 | D:3      | Noticed Grinder
  1757 | D:3      | Paralysed by Grinder for 6 turns
  1764 | D:3      | Killed Grinder
  1764 | D:3      | Reached XP level 6. HP: 37/56 MP: 5/5
  2339 | D:4      | Reached skill level 5 in Armour
  2339 | D:4      | Reached XP level 7. HP: 61/61 MP: 6/6
  2610 | D:4      | Found a glowing silver altar of Zin.
  2630 | D:4      | Found a radiant altar of Vehumet.
  2716 | D:4      | Reached *** piety under Trog
  2884 | D:4      | Reached skill level 6 in Polearms
  2962 | D:5      | Entered Level 5 of the Dungeon
  3090 | D:5      | Noticed Prince Ribbit
  3098 | D:5      | Killed Prince Ribbit
  3098 | D:5      | Reached skill level 5 in Dodging
  3135 | D:5      | Found a shadowy altar of Dithmenos.
  3196 | D:5      | Found a glowing drain.
  3220 | Sewer    | Entered a sewer
  3322 | Sewer    | Reached XP level 8. HP: 71/71 MP: 7/7
  3423 | Sewer    | Found a white marble altar of Elyvilon.
  3645 | D:5      | Noticed Menkaure
  3647 | D:5      | Found a basalt altar of Yredelemnul.
  3651 | D:5      | Killed Menkaure
  3652 | D:5      | Found an opulent altar of Gozag.
  3654 | D:5      | Found a shattered altar of Ashenzari.
  3809 | D:5      | Reached skill level 7 in Polearms
  3823 | D:5      | Found a burning altar of Makhleb.
  3870 | D:5      | Found Usas's Weapon Shoppe.
  3933 | D:5      | Found a white marble altar of Elyvilon.
  3934 | D:5      | Found a shimmering altar of Xom.
  4448 | D:6      | Reached **** piety under Trog
  4673 | D:6      | Found a deep blue altar of Sif Muna.
  4954 | D:7      | Found a staircase to the Ecumenical Temple.
  4972 | D:7      | Found Feutann's Distillery.
  4981 | D:7      | Noticed Joseph
  4986 | D:7      | Killed Joseph
  4986 | D:7      | Reached skill level 8 in Polearms
  4986 | D:7      | Reached XP level 9. HP: 81/81 MP: 8/8
  5554 | D:7      | Found Piutehob's Assorted Antiques.
  5641 | D:7      | Noticed Crazy Yiuf
  5648 | D:7      | Killed Crazy Yiuf
  5742 | D:7      | Noticed Pikel
  5751 | D:7      | Killed Pikel
  5751 | D:7      | Reached skill level 9 in Polearms
  5797 | D:7      | Noticed a hill giant
  5802 | D:7      | Killed a hill giant
  5802 | D:7      | Reached XP level 10. HP: 91/91 MP: 9/9
  6025 | D:6      | Noticed a manticore
  6030 | D:6      | Killed a manticore
  6535 | D:6      | Reached skill level 10 in Polearms
  6661 | D:8      | Reached skill level 10 in Fighting
  6731 | D:8      | Found Wutzatoj's Jewellery Shoppe.
  6782 | D:8      | Reached ***** piety under Trog
  6862 | D:8      | Noticed Malvoorn's ghost (novice DsAK)
  6873 | D:8      | Killed Malvoorn's ghost
  6873 | D:8      | Reached skill level 1 in Bows
  6918 | D:8      | Noticed Erica
  6932 | D:8      | Killed Erica
  7226 | D:8      | Found Tetiddif's Book Shoppe.
  7296 | D:8      | Reached skill level 10 in Armour
  7582 | D:9      | Got a smoking ring mail
  7593 | D:9      | Identified the +1 ring mail "Kushode" {rCorr Str+7 Stlth-} (You found it on level 9 of the Dungeon)
  7611 | D:9      | Noticed junkhipster's ghost (novice DDFi)
  7623 | D:9      | Killed junkhipster's ghost
  7623 | D:9      | Reached skill level 11 in Polearms
  7623 | D:9      | Reached XP level 11. HP: 101/101 MP: 10/10
  7892 | D:9      | Noticed a two-headed hydra
  7900 | D:9      | Killed a two-headed hydra
  8015 | D:9      | Found a staircase to the Lair.
  8074 | D:9      | Noticed a hill giant
  8086 | D:9      | Killed a hill giant
  8086 | D:9      | Reached skill level 5 in Bows
  8320 | D:10     | Entered Level 10 of the Dungeon
  8320 | D:10     | Found a staircase to the Orcish Mines.
  8388 | Lair:1   | Entered Level 1 of the Lair of Beasts
  8609 | Lair:1   | Reached skill level 12 in Polearms
  8693 | Lair:1   | Received a gift from Trog
  9185 | Lair:1   | Noticed Urug
  9194 | Lair:1   | Killed Urug
  9194 | Lair:1   | Reached skill level 10 in Dodging
  9355 | Lair:2   | Noticed a four-headed hydra
  9370 | Lair:2   | Killed a four-headed hydra
  9440 | Lair:2   | Reached XP level 12. HP: 106/110 MP: 11/11
  9627 | Lair:2   | Noticed a six-headed hydra
  9632 | Lair:2   | Killed a six-headed hydra
 10171 | Lair:2   | Found a blossoming altar of Fedhas.
 10368 | Lair:3   | Noticed a six-headed hydra
 10447 | Lair:2   | Killed a six-headed hydra
 10447 | Lair:2   | Reached skill level 13 in Polearms
 11344 | Lair:3   | Reached ****** piety under Trog
 11526 | Lair:3   | Received a gift from Trog
 12068 | Lair:4   | Found a staircase to the Swamp.
 12247 | Lair:4   | Received a gift from Trog
 12593 | Lair:5   | Noticed a four-headed hydra
 12610 | Lair:5   | Killed a four-headed hydra
 12610 | Lair:5   | Reached skill level 14 in Polearms
 12610 | Lair:5   | Reached XP level 13. HP: 109/118 MP: 12/12
 12678 | Lair:5   | Found a labyrinth entrance.
 12698 | Lair:5   | HP: 2/177 [five-headed hydra (11)]
 12700 | Lair:5   | Mangled by a five-headed hydra

Skill      XL: |  1  2  3  4  5  6  7  8  9 10 11 12 |
---------------+-------------------------------------+-----
Polearms       | 4 5 6 8 9 11 12 14 | 14.0
Armour         | 3 4 5 7 8 10 11 | 11.9
Fighting       | 4 5 6 7 9 10 11 12 | 12.0
Dodging        | 3 4 5 6 8 9 10 | 10.8
Bows           | 4 7 9 |  9.3

Action                   |  1- 3 |  4- 6 |  7- 9 | 10-12 | 13-15 || total
-------------------------+-------+-------+-------+-------+-------++-------
Melee: Spear             |   133 |    27 |       |       |       ||   160
       Headbutt          |    15 |    11 |    58 |   161 |     3 ||   248
       Trident           |       |    26 |   287 |   571 |    19 ||   903
 Fire: Shortbow          |       |       |       |    61 |       ||    61
       Longbow           |       |       |       |   184 |       ||   184
Invok: Berserk           |       |     1 |     5 |     4 |     1 ||    11
       Burn Spellbooks   |       |       |     2 |     1 |       ||     3
  Use: Scroll            |       |     3 |     4 |     8 |     7 ||    22
 Stab: Distracted        |     1 |       |       |       |       ||     1
  Eat: Chunk             |     2 |     4 |    12 |    26 |     2 ||    46
       Royal jelly       |       |       |     1 |       |       ||     1
       Beef jerky        |       |       |     1 |       |       ||     1
Armor: Ring mail         |     6 |     3 |    53 |   101 |     3 ||   166
       Leather armour    |    10 |     4 |       |       |       ||    14
Dodge: Dodged            |    52 |    34 |   172 |   375 |    13 ||   646
Block: Other             |       |       |    11 |    45 |     1 ||    57
       Reflection        |       |       |       |     4 |       ||     4
